 Dungeon Crawl Stone Soup version 0.25-a0-1079-g858b6a6ff6 (webtiles) character file.

Game seed: 8980641815310864563, levelgen mode: deterministic

1022 MisterFreud the Ducker (level 8, 0/63 HPs)
             Began as a Gnoll Gladiator on May 15, 2020.
             Slain by an ice beast (13 damage)
             ... on level 5 of the Dungeon.
             The game lasted 00:06:33 (5031 turns).

MisterFreud the Ducker (Gnoll Gladiator)            Turns: 5031, Time: 00:06:33

Health: 0/63       AC:  5    Str: 17    XL:     8   Next: 22%
Magic:  12/12      EV: 16    Int: 12    God:
Gold:   252        SH:  0    Dex: 17    Spells: 13/13 levels left

rFire    . . .     SeeInvis .   a - +0 quarterstaff
rCold    . . .     Gourm    .   (shield currently unavailable)
rNeg     . . .     Faith    .   b - +0 leather armour
rPois    .         Spirit   .   c - +0 helmet
rElec    .         Reflect  .   (no cloak)
rCorr    .         Harm     .   D - +0 pair of gloves (curse)
MR       .....                  (no boots)
Stlth    ++........             (no amulet)
HPRegen  0.20/turn              (no ring)
MPRegen  0.13/turn              (no ring)

@: brilliant
A: distributed training, fangs 1, strong nose
a: no special abilities


You were on level 5 of the Dungeon.
You were very hungry.

You visited 1 branch of the dungeon, and saw 5 of its levels.

You collected 252 gold pieces.

Inventory:

Hand Weapons
 a - a +0 quarterstaff (weapon)
Missiles
 d - 3 throwing nets (quivered)
 i - 120 arrows
 l - 167 stones
 u - 19 bolts
 v - 19 sling bullets
 A - 2 boomerangs
Armour
 b - a +0 leather armour (worn)
 c - a +0 helmet (worn)
 m - a +0 plate armour
 D - a cursed +0 pair of gloves (worn)
Jewellery
 e - an uncursed ring of poison resistance {unknown}
 h - a +4 ring of slaying {unknown}
Wands
 y - a wand of random effects (24)
 C - a wand of paralysis (13)
 F - a wand of clouds (2)
Scrolls
 g - a scroll of noise {unknown}
 k - 3 scrolls of enchant weapon {unknown}
 n - 3 scrolls of teleportation {unknown}
 r - 2 scrolls of remove curse {unknown}
 s - 5 scrolls of identify
 t - 3 scrolls of immolation {unknown}
 E - a scroll of random uselessness {unknown}
 G - a scroll of fog {unknown}
 I - a scroll of amnesia {unknown}
Potions
 j - a potion of magic
 p - a potion of curing {unknown}
 q - a potion of haste {unknown}
 x - a potion of invisibility {unknown}
 z - a potion of ambrosia {unknown}
Comestibles
 f - 3 rations


   Skills:
 + Level 5.5 Fighting
 + Level 3.0 Short Blades
 + Level 3.0 Long Blades
 + Level 3.0 Axes
 + Level 3.0 Maces & Flails
 + Level 3.0 Polearms
 + Level 7.2 Staves
 + Level 3.0 Slings
 + Level 3.0 Bows
 + Level 3.0 Crossbows
 + Level 5.5 Throwing
 + Level 3.0 Armour
 + Level 7.2 Dodging
 + Level 3.0 Stealth
 + Level 3.0 Shields
 + Level 3.0 Unarmed Combat
 + Level 3.0 Spellcasting
 + Level 2.4 Conjurations
 + Level 2.4 Hexes
 + Level 2.4 Charms
 + Level 2.4 Summonings
 + Level 2.4 Necromancy
 + Level 2.4 Translocations
 + Level 2.4 Transmutations
 + Level 2.4 Fire Magic
 + Level 2.4 Ice Magic
 + Level 2.4 Air Magic
 + Level 2.4 Earth Magic
 + Level 2.4 Poison Magic
 + Level 3.3 Invocations
 + Level 3.0 Evocations


You had 13 spell levels left.
You didn't know any spells.
Your spell library contained the following spells:

 Spells                   Type           Power        Failure   Level  Hunger
 Animate Skeleton         Necr           N/A          11%         1    None
 Pain                     Necr           ##..         11%         1    None
 Vampiric Draining        Necr           ##........   32%         3    None
 Animate Dead             Necr           N/A          71%         4    None
 Agony                    Necr           ##......     96%         5    None


Dungeon Overview and Level Annotations

Branches:
Dungeon (5/15)
 Temple: D:4-7

Altars:
Hepliaklqana
Makhleb
Sif Muna
Uskayaw

Annotations:
D:5 Pikel


Innate Abilities, Weirdness & Mutations

Your experience applies equally to all skills.
You have very sharp teeth.
Your uncanny sense of smell can sniff out nearby items.


Message History

The ice beast is heavily wounded.
The ice beast closely misses you.
You hit the ice beast but do no damage.
The ice beast is moderately wounded.
The ice beast closely misses you.
You hit the ice beast.
The ice beast is heavily wounded.
The ice beast closely misses you.
Evoke which item? (* to show all) (? for menu, Esc to quit)
Aiming: Cloud Cone
Press: ? - help, Dir - move target cursor, f - ice beast
Aim: an ice beast (heavily wounded)
You create a blast of freezing vapour!
The centaur is engulfed in freezing vapours.
The slave is engulfed in freezing vapours.
The centaur is engulfed in freezing vapours.
The ice beast hits you.
* * * LOW HITPOINT WARNING * * *
The ice beast freezes you!
You die...

.....#......#
.....'......#
######......############
#....p######c..........#
+.....#...p..#.........#
#....c'K.....#.........#
#.....#..##..#.....?§..#
#.....## #..#####K§§..#
#..... ....#.@Yp§§..#
'....+..#c§§..#
##..##..#..§..#
####.....# #.....#
#######


You could see Pikel, an ice beast, a slave and a centaur.

Vanquished Creatures
  Grinder (D:4)
  Eustachio (D:5)
  Edmund (D:5)
  A slave (D:4)
  An ogre (D:5)
  2 centaurs
  A hound (D:4)
  Natasha (D:3)
  Ijyb (D:3)
  An orc wizard (D:4)
  2 worker ants (D:4)
  7 adders
  An ooze (D:3)
  An adder skeleton (D:4)
  2 worms
  2 dart slugs
  A leopard gecko (D:3)
  5 orcs (D:4)
  A ball python (D:1)
  7 giant cockroaches
  7 goblins
  12 hobgoblins
  17 jackals
  4 quokkas
  7 bats
  A frilled lizard (D:1)
  4 kobolds
  9 rats
101 creatures vanquished.

Notes
Turn   | Place    | Note
-------+----------+-------------------------------------------
     0 | D:1      | MisterFreud the Gnoll Gladiator began the quest for the
                  | Orb.
     0 | D:1      | Reached XP level 1. HP: 20/20 MP: 1/1
   218 | D:1      | Reached XP level 2. HP: 26/26 MP: 2/2
   767 | D:1      | Reached XP level 3. HP: 31/31 MP: 3/3
  1616 | D:2      | Reached skill level 1 in Invocations
  1705 | D:2      | Reached skill level 1 in Short Blades
  1705 | D:2      | Reached skill level 1 in Long Blades
  1705 | D:2      | Reached skill level 1 in Axes
  1705 | D:2      | Reached skill level 1 in Maces & Flails
  1705 | D:2      | Reached skill level 1 in Polearms
  1705 | D:2      | Reached skill level 1 in Slings
  1705 | D:2      | Reached skill level 1 in Bows
  1705 | D:2      | Reached skill level 1 in Crossbows
  1705 | D:2      | Reached skill level 1 in Armour
  1705 | D:2      | Reached skill level 1 in Stealth
  1705 | D:2      | Reached skill level 1 in Shields
  1705 | D:2      | Reached skill level 1 in Unarmed Combat
  1705 | D:2      | Reached skill level 1 in Spellcasting
  1705 | D:2      | Reached skill level 1 in Evocations
  1788 | D:2      | Reached XP level 4. HP: 34/38 MP: 5/5
  2393 | D:3      | Found a shimmering blue altar of Sif Muna.
  2396 | D:3      | Found a burning altar of Makhleb.
  2454 | D:3      | Found a hazy altar of Hepliaklqana.
  2457 | D:3      | Found a hide-covered altar of Uskayaw.
  2461 | D:3      | Reached skill level 1 in Conjurations
  2461 | D:3      | Reached skill level 1 in Hexes
  2461 | D:3      | Reached skill level 1 in Charms
  2461 | D:3      | Reached skill level 1 in Summonings
  2461 | D:3      | Reached skill level 1 in Necromancy
  2461 | D:3      | Reached skill level 1 in Translocations
  2461 | D:3      | Reached skill level 1 in Transmutations
  2461 | D:3      | Reached skill level 1 in Fire Magic
  2461 | D:3      | Reached skill level 1 in Ice Magic
  2461 | D:3      | Reached skill level 1 in Air Magic
  2461 | D:3      | Reached skill level 1 in Earth Magic
  2461 | D:3      | Reached skill level 1 in Poison Magic
  2516 | D:3      | Noticed Ijyb
  2525 | D:3      | Paralysed by Ijyb for 3 turns
  2533 | D:3      | Killed Ijyb
  2533 | D:3      | Reached XP level 5. HP: 43/43 MP: 6/6
  3094 | D:3      | Noticed Natasha
  3106 | D:3      | Killed Natasha
  3583 | D:4      | Reached XP level 6. HP: 50/50 MP: 8/8
  3802 | D:4      | Reached skill level 5 in Fighting
  3802 | D:4      | Reached skill level 5 in Throwing
  3903 | D:4      | HP: 2/51 [something/puff of flame (11)]
  3933 | D:4      | HP: 2/51 [orc/cursed -2 flail (7)]
  4542 | D:5      | Entered Level 5 of the Dungeon
  4557 | D:5      | Reached XP level 7. HP: 56/56 MP: 10/10
  4562 | D:5      | Noticed Pikel
  4616 | D:5      | Noticed Grinder
  4616 | D:5      | Noticed Edmund
  4633 | D:4      | Paralysed by Grinder for 2 turns
  4639 | D:4      | Killed Grinder
  4753 | D:5      | Killed Edmund
  4845 | D:5      | Reached XP level 8. HP: 26/63 MP: 12/12
  4937 | D:5      | Noticed Eustachio
  4967 | D:5      | Killed Eustachio
  5031 | D:5      | Slain by an ice beast

Illustrated notes

Levels and vault maps discovered:
D:1:      dpeg_arrival_round_a, layout_basic, minmay_door_square
D:2:      layout_loops_corners, kennysheep_small_spiral
D:3:      layout_loops_ring, grunt_temple_overflow_cloverleaf, minivault_5,
          kennysheep_generic_room_15, uniq_ijyb, uniq_natasha
D:4:      minmay_spotlight, layout_cave_pools
D:5:      layout_gridville, first_ration, gup_ossuary_entry_pyramid,
          uniq_eustachio, uniq_pikel, uniq_grinder, uniq_edmund

Skill      XL: |  1  2  3  4  5  6  7  8 |
---------------+-------------------------+-----
Invocations    | 1 2 3 |  3.3
Short Blades   | 1 2 3 |  3.0
Long Blades    | 1 2 3 |  3.0
Axes           | 1 2 3 |  3.0
Maces & Flails | 1 2 3 |  3.0
Polearms       | 1 2 3 |  3.0
Slings         | 1 2 3 |  3.0
Bows           | 1 2 3 |  3.0
Crossbows      | 1 2 3 |  3.0
Armour         | 1 2 3 |  3.0
Stealth        | 1 2 3 |  3.0
Shields        | 1 2 3 |  3.0
Unarmed Combat | 1 2 3 |  3.0
Spellcasting   | 1 2 3 |  3.0
Evocations     | 1 2 3 |  3.0
Conjurations   | 1 2 |  2.4
Hexes          | 1 2 |  2.4
Charms         | 1 2 |  2.4
Summonings     | 1 2 |  2.4
Necromancy     | 1 2 |  2.4
Translocations | 1 2 |  2.4
Transmutations | 1 2 |  2.4
Fire Magic     | 1 2 |  2.4
Ice Magic      | 1 2 |  2.4
Air Magic      | 1 2 |  2.4
Earth Magic    | 1 2 |  2.4
Poison Magic   | 1 2 |  2.4
Fighting       | 5 |  5.5
Throwing       | 5 |  5.5
Staves         | 7 |  7.2
Dodging        | 7 |  7.2

Action                   |  1- 3 |  4- 6 |  7- 9 || total
-------------------------+-------+-------+-------++-------
Melee: Quarterstaff      |    96 |   241 |    93 ||   430
       Bite              |    14 |    28 |    10 ||    52
Evoke: Wand              |       |       |     2 ||     2
  Use: Potion            |       |     3 |     3 ||     6
       Scroll            |       |     1 |       ||     1
 Stab: Sleeping          |     2 |     3 |       ||     5
  Eat: Chunk             |     3 |     9 |       ||    12
Armor: Leather armour    |    16 |    55 |    10 ||    81
       Plate armour      |    10 |       |       ||    10
       Skin              |       |       |    16 ||    16
Dodge: Dodged            |    59 |   232 |    46 ||   337

Table legend:
 A = Non-vault XP
 B = Vault XP
 C = Vault XP percentage of total XP
 D = Non-vault monster count
 E = Vault monster count
 F = Vault count percentage of total count
                 A         B        C        D         E       F
            +---------+---------+-------+---------+---------+-------
      Total |     673 |     787 |  53.9 |      90 |      10 |  10.0
            +---------+---------+-------+---------+---------+-------
        D:1 |      35 |       0 |   0.0 |      20 |       0 |   0.0
        D:2 |      62 |       0 |   0.0 |      25 |       0 |   0.0
        D:3 |     111 |      76 |  40.6 |      26 |       4 |  13.3
        D:4 |     234 |     343 |  59.4 |      17 |       4 |  19.0
        D:5 |     231 |     368 |  61.4 |       2 |       2 |  50.0
            +---------+---------+-------+---------+---------+-------
